 Dungeon Crawl Stone Soup version 0.31-a0-154-g56bf346678 (webtiles) character file.

Game seed: 3478066326407894197

5999 mdonais the Trooper (level 10, 0/71 HPs)
             Began as an Octopode Brigand on June 11, 2023.
             Was an Elder of Vehumet.
             Slain by a vampire (2 damage)
             ... on level 9 of the Dungeon.
             The game lasted 00:38:23 (10504 turns).

mdonais the Trooper (Octopode Brigand)             Turns: 10504, Time: 00:38:23

Health: 0/71       AC:  9    Str: 17    XL:     10   Next: 85%
Magic:  1/19       EV: 15    Int: 17    God:    Vehumet [****..]
Gold:   521        SH:  0    Dex: 14    Spells: 6/21 levels left

rFire   . . .        i - +8 hand axe "Neke" {flame, rC+}
rCold   + . .        (no shield)
rNeg    . . .        (helmet restricted)
rPois   .            (no amulet)
rElec   .            m - +6 ring of strength
rCorr   .            t - +4 ring of protection
SInv    .            (no ring)
Will    .....        h - +4 ring of protection
Stlth   ++++         (no ring)
HPRegen 0.31/turn    (no ring)
MPRegen 0.16/turn    (no ring)
                     (no ring)

%: no passive effects
@: mighty, attractive
A: almost no armour, amphibious, 8 rings, camouflage 1, gelatinous body 1,
(nimble swimmer 1), tentacles
a: Renounce Religion


You were on level 9 of the Dungeon.
You worshipped Vehumet.
Vehumet was greatly pleased with you.
You visited 2 branches of the dungeon, and saw 10 of its levels.
You also visited: Sewer.

You collected 557 gold pieces.
You spent 36 gold pieces at shops.

Inventory:

Hand Weapons
 a - a +2 dagger of venom
   (You found it on level 1 of the Dungeon)
 i - the +8 hand axe "Neke" (weapon) {flame, rC+}
   (You found it on level 5 of the Dungeon)

   rC:        It protects you from cold.
 v - a +0 rapier
   (You found it on level 4 of the Dungeon)
Missiles
 d - 11 poisoned darts (quivered)
 F - a curare-tipped dart
 K - 3 boomerangs of dispersal
 Z - a throwing net {=!f}
Magical Staves
 b - a staff of earth
   (You found it on level 5 of the Dungeon)
Jewellery
 e - the ring of Goatuif {Ice rN+ Stlth+}
   (You found it on level 4 of the Dungeon)

   [ring of ice]

   It enhances your ice magic.
   rF:        It makes you vulnerable to fire.
   rC:        It protects you from cold.
   rN:        It protects you from negative energy.
   Stlth:     It makes you more stealthy.
 h - a +4 ring of protection (on tentacle)
   (You found it on level 5 of the Dungeon)
 m - a +6 ring of strength (left tentacle)
   (You found it on level 2 of the Dungeon)
 t - a +4 ring of protection (right tentacle)
   (You found it on level 3 of the Dungeon)
Wands
 x - a wand of quicksilver (4)
   (You took it off a gnoll on level 6 of the Dungeon)
 y - a wand of charming (2)
   (You took it off a wight on level 7 of the Dungeon)
 V - a wand of flame (71)
   (You found it on level 7 of the Dungeon)
Scrolls
 k - 2 scrolls of fear
 l - 3 scrolls of fog
 q - 2 scrolls of immolation
 r - 3 scrolls of enchant armour
 u - a scroll of poison
 w - 2 scrolls of vulnerability {unknown}
 B - a scroll of blinking
 M - 2 scrolls of magic mapping
 T - a scroll of teleportation
Potions
 c - a potion of invisibility {unknown}
 f - a potion of attraction
 g - 2 potions of enlightenment {unknown}
 n - a potion of berserk rage {unknown}
 o - a potion of might
 p - 2 potions of haste {unknown}
 s - a potion of degeneration {unknown}
 z - a potion of resistance {unknown}
 A - a potion of ambrosia {unknown}


   Skills:
 + Level 7.0 Fighting
 - Level 3.1 Short Blades
 - Level 3.1 Throwing
 - Level 5.0 Dodging
 - Level 6.2 Stealth
 - Level 6.0 Spellcasting
 - Level 5.0 Conjurations
 - Level 2.0 Hexes
 - Level 5.0 Translocations
 - Level 5.0 Fire Magic
 - Level 2.0 Ice Magic
 - Level 4.0 Air Magic
 - Level 0.8 Earth Magic
 - Level 4.0 Poison Magic


You had 6 spell levels left.
You knew the following spells:

 Your Spells              Type           Power      Damage    Failure   Level
a - Hailstorm             Conj/Ice       17%        3d6       2%          3
b - Scorch                Fire           44%        2d7       1%          2
c - Iskenderun's Mystic   Conj/Tloc      22%        2d6       4%          4
d - Poisonous Vapours     Pois/Air       36%        N/A       1%          2
e - Inner Flame           Hex/Fire       17%        N/A       2%          3
f - Sandblast             Erth           14%        2d6       2%          1

Your spell library contained the following spells:

 Spells                   Type           Power      Damage    Failure   Level
 Dazzling Flash           Conj/Hex       34%        N/A       2%          3
 Volatile Blastmotes      Fire/Tloc      44%        2d13      1%          3
 Fulminant Prism          Conj/Hex       8%         3d7       9%          4
 Yara's Violent Unravell  Hex/Tmut       4%         3d4       50%         5
 Lee's Rapid Deconstruct  Erth           3%         3d5*      52%         5
 Ice Form                 Ice/Tmut       8%         N/A       63%         4
 Summon Forest            Summ/Tloc      6%         N/A       77%         5
 Eringya's Noxious Bog    Tmut/Pois      5%         N/A       88%         6
 Simulacrum               Ice/Necr       4%         N/A       100%        6
 Enfeeble                 Hex            5%         N/A       100%        7
 Summon Hydra             Summ           2%         N/A       100%        7


Dungeon Overview and Level Annotations

Branches:
Dungeon (9/15) Zot: 26448  Temple (1/1) D:6 Zot: 5966    Lair (0/5) D:8
  Sewer (visited)
    Orc: D:9-12

Altars:
Ashenzari
Cheibriados
Dithmenos
Fedhas
Gozag
Hepliaklqana
Kikubaaqudgha
Makhleb
Nemelex Xobeh
Okawaru
Qazlal
Ru
Sif Muna
Trog
Uskayaw
Vehumet
Wu Jian
Xom
Yredelemnul
Zin
The Shining One

Shops:
D:6 (


Innate Abilities, Weirdness & Mutations

You cannot wear most types of armour.
You are amphibious.
You can wear up to eight rings at the same time.
Your skin changes colour to match your surroundings (Stealth+).
Your rubbery body absorbs attacks. (AC +1, EV +1)
((You are camouflaged when in or above water. (Stealth+)))
You have tentacles for arms and can constrict up to eight enemies at once.


Message History

Casting: Scorch (safe; 1% risk of failure)
Confirm with . or Enter, or press ? or * to list all spells.
You don't have enough magic to cast this spell.
You slash the yak! You burn the yak.
You kill the yak!
Vehumet accepts your kill.
You slash the yak! You burn the yak. The yak gores you.
Training target 5.0 for Dodging reached!
Your Dodging skill increases to level 5!
You take 3 damage, and have 27/69 hp.
You barely miss the yak.
The yak is almost dead.
The yak barely misses you.
You hit the yak. You burn the yak.
You kill the yak!
Vehumet accepts your kill.
Your Fighting skill increases to level 7!
You regained 2 hp, and now have 29/71 hp.
You see here a yak corpse.
There is a stone staircase leading up, spattered with blood here.
You start resting.
Magic restored.
You regained 34 hp, and now have 63/71 hp.
MP restored: 19 You start resting.
HP restored.
Health restored: 71
Things that are here:
a +0 leather armour; a +0 flail
Things that are here:
a +0 leather armour; a +0 dagger; an orc skeleton
Things that are here:
a +0 scale mail; a +0 trident; an orc skeleton You see here a +0 hand axe.
Found a pair of glowing boots.
You now have 510 gold pieces (gained 2).
You now have 521 gold pieces (gained 11).
A vampire comes into view.
Found a flail and an Everburning Encyclopedia.
The vampire moves out of view.
Found 4 stones.
A vampire is nearby!
Unknown command.
Casting: Scorch (safe; 1% risk of failure)
Confirm with . or Enter, or press ? or * to list all spells.
Casting: Hailstorm (mildly dangerous; 2% risk of failure)
Press: ? - help, Dir - look around, f - activate A cannonade of hail descends around you!
The hail pelts the vampire.
The vampire partially resists.
The vampire is lightly damaged.
You now have 16/19 mp.
Casting: Hailstorm (mildly dangerous; 2% risk of failure)
Confirm with . or Enter, or press ? or * to list all spells.
Casting: Hailstorm (mildly dangerous; 2% risk of failure)
Press: ? - help, Dir - look around, f - activate A cannonade of hail descends around you!
The hail misses the vampire.
You now have 13/19 mp.
Casting: Hailstorm (mildly dangerous; 2% risk of failure)
Confirm with . or Enter, or press ? or * to list all spells.
Flames lash the vampire but do no damage.
A wyvern comes into view.
The vampire barely misses you. The vampire closely misses you.
You now have 11/19 mp.
Casting: Scorch (safe; 1% risk of failure)
Confirm with . or Enter, or press ? or * to list all spells.
Flames lash the vampire.
The vampire is lightly damaged.
The vampire's fire resistance burns away.
The wyvern hisses angrily.
The vampire hits you! The vampire misses you.
You take 8 damage, and have 63/71 hp.
You now have 9/19 mp.
Casting: Scorch (safe; 1% risk of failure)
Confirm with . or Enter, or press ? or * to list all spells.
Flames lash the vampire but do no damage.
The vampire closely misses you. x2
You now have 7/19 mp.
Casting: Scorch (safe; 1% risk of failure)
Confirm with . or Enter, or press ? or * to list all spells.
Flames lash the vampire.
The vampire is burned terribly!
The vampire is moderately damaged.
The vampire hits you. The vampire misses you.
You take 2 damage, and have 62/71 hp.
You now have 6/19 mp.
Casting: Scorch (safe; 1% risk of failure)
Confirm with . or Enter, or press ? or * to list all spells.
Flames lash the vampire.
The vampire is burned terribly!
The vampire is severely damaged.
The vampire hits you.
The vampire bites you but does no damage.
The wyvern barely misses you.
You take 1 damage, and have 61/71 hp.
You now have 4/19 mp.
Casting: Scorch (safe; 1% risk of failure)
Confirm with . or Enter, or press ? or * to list all spells.
Flames lash the vampire but do no damage.
The vampire barely misses you. The vampire closely misses you.
The wyvern bites you!
You take 12 damage, and have 49/71 hp.
You now have 2/19 mp.
Casting: Scorch (safe; 1% risk of failure)
Confirm with . or Enter, or press ? or * to list all spells.
Flames lash the wyvern.
The wyvern is lightly wounded.
The wyvern's fire resistance burns away.
The wyvern bites you. The vampire draws life force from you!
The vampire is healed by the life force!
The wyvern bites you!
You take 23 damage, and have 26/71 hp.
MASSIVE DAMAGE!!
You now have 0/19 mp.
Casting: Scorch (safe; 1% risk of failure)
Confirm with . or Enter, or press ? or * to list all spells.
You don't have enough magic to cast this spell.
Casting: Scorch (safe; 1% risk of failure)
Confirm with . or Enter, or press ? or * to list all spells.
You don't have enough magic to cast this spell.
Unknown command.
It was a potion of might.
You feel very mighty all of a sudden. The vampire closely misses you.
The vampire bites you but does no damage.
The wyvern bites you!
* * * LOW HITPOINT WARNING * * *
You take 10 damage, and have 16/71 hp.
It was a potion of attraction.
You feel attractive to monsters.
The wyvern is no longer more vulnerable to fire.
The wyvern bites you but does no damage.
The vampire completely misses you. The vampire bites you.
* * * LOW HITPOINT WARNING * * *
The vampire draws strength from your injuries!
The wyvern closely misses you.
You take 4 damage, and have 12/71 hp.
Blink to where?
Press: ? - help, Dir - move target
As you read the scroll of blinking, it crumbles to dust.
The vampire is attracted toward you. The vampire is attracted toward you.
The wyvern is attracted toward you. The vampire attacks as you move away!
The vampire misses you. The vampire barely misses you.
The wyvern is attracted toward you.
The vampire mumbles some strange words.
The vampire flickers and vanishes!
Deactivating autopickup; reactivate with Ctrl-A.
The wyvern closely misses you. Something is attracted toward you.
You barely miss the wyvern. You barely miss something. Something hits you.
* * * LOW HITPOINT WARNING * * *
Something bites you.
* * * LOW HITPOINT WARNING * * *
Something draws strength from your injuries!
The wyvern bites you but does no damage.
Something hits you.
* * * LOW HITPOINT WARNING * * *
Something bites you.
You die...

#######...#....#
##...#.##.# #....#.##.#
.( #.#..#.#..# .).
#.##...#.## ...♣
###.###....# ....♣
####...###..### .....♣
##....###....###
≈~≈...♣##...#..l@......#
≈~≈≈...................#
~♣~~..#.####..§........#
≈~≈≈..#.###............#
≈~≈....§.§..#..........#
..........###..[.......#
...........##..........#
..##.....:.##..........#
# #.......########.####


You could see a wyvern.

Vanquished Creatures
  Sigmund (D:4)
  11 yaks
  A basilisk (D:8)
  A wyvern (D:8)
  5 water moccasins
  Duvessa (D:5)
  4 sky beasts
  An ice beast (D:6)
  2 centaurs
  3 ogres
  6 bullfrogs
  3 scorpions
  11 wights (D:7)
  Dowan (D:5)
  6 killer bees (D:4)
  A howler monkey (D:7)
  A bullfrog zombie (D:7)
  A crimson imp (D:4)
  A hound (D:4)
  3 jellies
  5 orc priests
  2 sleepcaps (D:4)
  5 iguanas
  5 orc wizards
  A howler monkey zombie (D:7)
  4 gnolls (D:6)
  14 adders
  3 shadow imps
  A white imp (D:6)
  An ufetubus (D:6)
  2 worms
  4 dart slugs
  20 orcs
  3 bats
  12 endoplasms
  11 giant cockroaches
  5 goblins
  3 hobgoblins
  6 jackals
  12 quokkas
  11 ball pythons
  10 frilled lizards
  3 kobolds
  5 rats
212 creatures vanquished.

Notes
Turn   | Place    | Note
-------+----------+-------------------------------------------
     0 | D:1      | mdonais the Octopode Brigand began the quest for the Orb.
     0 | D:1      | Reached XP level 1. HP: 14/14 MP: 1/1
    52 | D:1      | Upgraded the game from 0.31-a0-152-g6aa68a64a1 to
                  | 0.31-a0-154-g56bf346678
   246 | D:1      | Reached XP level 2. HP: 12/19 MP: 2/2
   403 | D:1      | Found a faded altar of an unknown god.
  1048 | D:2      | Reached XP level 3. HP: 25/25 MP: 3/3
  1796 | D:3      | Reached XP level 4. HP: 27/30 MP: 4/4
  1863 | D:3      | Reached skill level 3 in Fighting
  1947 | D:3      | Found a radiant altar of Vehumet.
  1947 | D:3      | Found a sparkling altar of Nemelex Xobeh.
  1955 | D:3      | Became a worshipper of Vehumet
  2147 | D:4      | Noticed an ogre
  2507 | D:4      | Reached XP level 5. HP: 36/36 MP: 5/5
  2705 | D:4      | Reached skill level 4 in Fighting
  2705 | D:4      | Reached skill level 1 in Spellcasting
  2711 | D:4      | Reached XP level 6. HP: 33/43 MP: 5/9
  3051 | D:4      | Identified the ring of Goatuif {Ice rN+ Stlth+}
  3230 | D:4      | Reached skill level 5 in Fighting
  3230 | D:4      | Reached XP level 7. HP: 50/50 MP: 10/10
  3336 | D:4      | Noticed Sigmund
  3373 | D:4      | Killed Sigmund
  3469 | D:4      | Found a burning altar of Makhleb.
  3469 | D:4      | Found a shimmering altar of Xom.
  3582 | D:4      | Reached skill level 6 in Fighting
  3586 | D:4      | Learned a level 3 spell: Inner Flame
  3681 | D:4      | Found an opulent altar of Gozag.
  3739 | D:5      | Entered Level 5 of the Dungeon
  3739 | D:5      | Found a glowing drain.
  3791 | Sewer    | Entered a sewer
  3829 | Sewer    | Reached * piety under Vehumet
  3829 | Sewer    | Offered knowledge of Sandblast by Vehumet.
  3830 | Sewer    | Reached skill level 1 in Fire Magic
  3833 | Sewer    | Reached skill level 1 in Hexes
  3833 | Sewer    | Reached XP level 8. HP: 57/57 MP: 12/12
  3835 | Sewer    | Learned a level 1 spell: Sandblast
  3953 | Sewer    | Offered knowledge of Scorch by Vehumet.
  3957 | Sewer    | Learned a level 2 spell: Scorch
  3974 | Sewer    | Reached ** piety under Vehumet
  4341 | D:5      | Identified the +8 hand axe "Neke" {flame, rC+}
  4396 | D:5      | Found a hazy altar of Hepliaklqana.
  4407 | D:5      | Noticed Dowan
  4450 | D:5      | Noticed Duvessa
  4519 | D:5      | Found a blossoming altar of Fedhas.
  4777 | D:5      | Found an ancient bone altar of Kikubaaqudgha.
  4780 | D:5      | Found a stormy altar of Qazlal.
  4782 | D:5      | Found a shadowy altar of Dithmenos.
  4824 | D:5      | Killed Duvessa
  4824 | D:5      | Offered knowledge of Poisonous Vapours by Vehumet.
  4828 | D:5      | Learned a level 2 spell: Poisonous Vapours
  4856 | D:5      | Killed Dowan
  4857 | D:5      | Reached skill level 1 in Poison Magic
  4953 | D:6      | Found a hazy altar of Hepliaklqana.
  4961 | D:6      | Reached skill level 1 in Air Magic
  5117 | D:6      | Reached XP level 9. HP: 58/62 MP: 11/13
  5416 | D:6      | Found a glowing silver altar of Zin.
  5425 | D:6      | Found Tiuses Caikk's Weapon Emporium.
  5433 | D:6      | Bought a throwing net for 36 gold pieces
  5481 | D:6      | Reached *** piety under Vehumet
  5561 | D:6      | Found a staircase to the Ecumenical Temple.
  5812 | D:6      | Found an opulent altar of Gozag.
  6059 | Temple   | Entered the Ecumenical Temple
  6166 | D:7      | Reached skill level 5 in Spellcasting
  6170 | D:7      | Learned a level 3 spell: Hailstorm
  6327 | D:7      | Reached skill level 1 in Conjurations
  6409 | D:7      | Reached skill level 5 in Fire Magic
  6663 | D:7      | Found a sacrificial altar of Ru.
  6965 | D:7      | Offered knowledge of Volatile Blastmotes by Vehumet.
  7176 | D:7      | Reached skill level 1 in Ice Magic
  7577 | D:7      | Reached XP level 10. HP: 68/68 MP: 11/18
  7650 | D:7      | Found a shimmering blue altar of Sif Muna.
  7901 | D:7      | Found a basalt altar of Yredelemnul.
  8125 | D:8      | Learned a level 4 spell: Iskenderun's Mystic Blast
  8320 | D:8      | Reached skill level 1 in Translocations
  9078 | D:8      | Found a staircase to the Lair.
  9096 | D:8      | Reached **** piety under Vehumet
  9097 | D:8      | Reached skill level 5 in Conjurations
  9275 | D:8      | Offered knowledge of Dazzling Flash by Vehumet.
  9439 | D:8      | Reached skill level 5 in Translocations
  9690 | D:8      | Found a staircase to the Lair.
 10317 | D:9      | Reached skill level 5 in Dodging
 10319 | D:9      | Reached skill level 7 in Fighting
 10504 | D:9      | HP: 2/71 [something (6)]
 10504 | D:9      | Slain by a vampire

Illustrated notes

Levels and vault maps discovered:
D:1:      psy_arrival_terrarium, layout_rooms,
          hellmonk_ecumenical_altar_prayer_group,
          corexii_item_surrounded_by_moat, serial_bayou_lagoon_a
D:2:      layout_loops_corners
D:3:      layout_basic, gammafunk_temple_overflow_pools
D:4:      layout_basic, grunt_temple_overflow_champion_of_chaos,
          marbit_many_paths, uniq_sigmund
D:5:      layout_basic, fedhas_altar_4, mainiacjoe_overflow_six_doors_small,
          minitemple, cheibrodos_sewer_entry_sluice, uniq_duvessa
D:6:      layout_cave_pools, zin_academy, minmay_temple_entry_poolview,
          serial_shops, nicolae_shop_rolling_square, hangedman_feature_mirror
D:7:      layout_loops_corners, mainiacjoe_overflow_24_doors,
          lemuel_zombie_altar_yredelemnul, mainiacjoe_overflow_boulevard
D:8:      layout_gridville, minmay_lair_entry_grove
D:9:      layout_rooms, elyvilon_altar_3, uniq_pikel
Temple:   nicolae_temple_little_seven

Skill      XL: |  1  2  3  4  5  6  7  8  9 10 |
---------------+-------------------------------+-----
Fighting       | 3 4 5 6 7 |  7.0
Short Blades   | 3 |  3.1
Throwing       | 3 |  3.1
Spellcasting   | 2 3 5 6 |  6.0
Dodging        | 2 3 5 |  5.0
Stealth        | 6 |  6.2
Fire Magic     | 1 4 5 |  5.0
Hexes          | 1 2 |  2.0
Poison Magic   | 3 4 |  4.0
Air Magic      | 2 4 |  4.0
Conjurations   | 4 5 |  5.0
Ice Magic      | 2 |  2.0
Translocations | 5 |  5.0
Earth Magic    | |  0.8

Action                     |  1- 3 |  4- 6 |  7- 9 | 10-12 || total
---------------------------+-------+-------+-------+-------++-------
  Melee: Dagger            |    59 |    50 |   118 |       ||   227
         Constrict         |    13 |    12 |    36 |     8 ||    69
         Tentacles         |     2 |    10 |    37 |    10 ||    59
         Punch             |       |     2 |     2 |     2 ||     6
         Hand axe          |       |       |    55 |    52 ||   107
  Throw: Dart              |    10 |    24 |    22 |       ||    56
   Cast: Scorch            |       |       |    72 |    56 ||   128
         Poisonous Vapours |       |       |    45 |    66 ||   111
         Sandblast         |       |       |     1 |       ||     1
         Hailstorm         |       |       |       |     2 ||     2
         Iskenderun's Myst |       |       |       |     1 ||     1
    Use: Potion            |       |     2 |     1 |     3 ||     6
         Scroll            |       |     5 |     1 |     4 ||    10
   Stab: Sleeping          |    16 |     3 |    25 |       ||    44
         Distracted        |       |     1 |       |       ||     1
 Armour: Skin              |       |    10 |    46 |    36 ||    92
  Dodge: Dodged            |    20 |    23 |   108 |    73 ||   224

Table legend: (Time is in decaauts)
 A = Elapsed time spent in this place.
 B = Non-inter-level travel time spent in this place.
 C = Inter-level travel time spent in this place.
 D = Time resting spent in this place.
 E = Time spent auto-exploring this place.
 F = Levels seen in this place.
 G = Mean time per level.
                   A        B        C        D        E       F      G
               +--------+--------+--------+--------+--------+-----+--------+
         Total |  10494 |   9917 |    577 |    807 |   7025 |  11 |  954.0 |
       Dungeon |  10128 |   9558 |    570 |    807 |   6849 |   9 | 1125.3 |
        Temple |     33 |     26 |      7 |      0 |     25 |   1 |   33.0 |
         Sewer |    332 |    332 |      0 |      0 |    151 |   1 |  332.0 |
               +--------+--------+--------+--------+--------+-----+--------+

Top non-repeatable levels by time:
     D:8: 2036 daAuts
     D:7: 1852 daAuts
     D:4: 1565 daAuts
     D:6: 1285 daAuts
     D:5: 866 daAuts
     D:2: 856 daAuts
     D:1: 691 daAuts
     D:3: 599 daAuts
     D:9: 374 daAuts
   Sewer: 332 daAuts
  Temple: 33 daAuts
